Unix NetHack Version 5.0.0-0 post-release - last build May  4 2026 22:22:43 (774f63e81ad911689b3a0859ea89b322d5daca8d,branch:main).

Game began 2026-05-08 03:41:32, ended 2026-05-08 05:03:10.

BeardyHaddock, neutral male gnomish Archeologist

 ---
 |..-      ----
 |...--   --..----
--.....----......-------
|......................-----     --
|.......<.........................|
----..............------------   --
   ---...............---- --
     --.---....--......|...|
      --  --..----........--
     -------..--...........|
     -............... .....-
       ---...---.....-- .|..-
         |..-- --...------  ..-----
       ----- ----.................-
      --.@|---.......----      ....-
      |.fh|....-------         -
      |.....----
     ##`-----
      ---
BeardyHaddock the Field Worker  St:16 Dx:8 Co:10 In:15 Wi:14 Ch:9  Neutral
Dlvl:4  $:349 HP:0(31) Pw:20(20) AC:8  Xp:4 T:2597  Satiated

Latest messages:
 You hear crashing rock.
 What do you want to write with? [- agntuwE or ?*] -
 You write in the dust with your fingertip.
 What do you want to write in the dust here? Elbereth
 The rothe turns to flee.
 You sense a faint wave of psychic energy.
 The rothe turns to flee.
 The rothe turns to flee.
 You sense a faint wave of psychic energy.
 The rothe turns to flee.
 You sense a faint wave of psychic energy.
 The housecat bites it.
 Your housecat eats a rothe corpse.
 Something is written here in the dust.
 You read: "E|bereth".
 You sense a faint wave of psychic energy.
 You sense a faint wave of psychic energy.
 You attack thin air.
 e - a +0 pick-axe (weapon in right hand).
 a - a +2 bullwhip (alternate weapon; not wielded).
 You start digging.
 You hit the rock with all your might.
 You stop digging.
 The master mind flayer hits!
 The master mind flayer's tentacles suck your brain!
 Your brain is eaten!
 You feel very stupid!
 You continue digging.
 You hit the rock with all your might.
 You stop digging.
 The master mind flayer hits!
 The master mind flayer's tentacles suck your brain!
 Your hat blocks the attack to your head.
 The master mind flayer's tentacles suck your brain again!
 Your hat blocks the attack to your head.
 The master mind flayer's tentacles suck your brain again!
 Your hat blocks the attack to your head.
 The master mind flayer's tentacles suck your brain again!
 Your hat blocks the attack to your head.
 The master mind flayer's tentacles suck your brain again!
 Your brain is eaten!
 You feel stupid!
 You hit the master mind flayer!
 The master mind flayer hits!
 You die...
 Do you want your possessions identified? [ynq] (y) n
 Do you want to see your attributes? [ynq] (y) n
 Do you want an account of creatures vanquished? [ynaq] (y) n
 Do you want to see your conduct and achievements? [ynq] (y) n
 Do you want to see the dungeon overview? [ynq] (y) n

Inventory:
 Coins    ('$')
  $ - 349 gold pieces
 Weapons  (')')
  t - a +0 sling
  w - a +0 dagger
  u - a +0 elven dagger (at the ready)
  a - a +2 bullwhip (alternate weapon; not wielded)
 Armor    ('[')
  c - an uncursed +0 fedora (being worn)
  b - an uncursed +1 leather jacket (being worn)
 Comestibles  ('%')
  d - 6 uncursed food rations
  l - 2 uncursed tins of boiled lichen
 Scrolls  ('?')
  G - an uncursed scroll of light
  B - an uncursed scroll of teleportation
 Potions  ('!')
  H - an uncursed potion of gain energy
 Rings    ('=')
  E - an uncursed ring of slow digestion (on right hand)
 Wands    ('/')
  n - a wand of slow monster (0:3)
 Tools    ('(')
  F - an empty uncursed bag of holding
  h - an empty uncursed sack
  J - a cursed magic lamp
  i - an uncursed oil lamp
  e - a +0 pick-axe (weapon in right hand)
  I - an uncursed stethoscope
  f - a tinning kit (0:64)
 Gems/Stones  ('*')
  g - an uncursed touchstone

BeardyHaddock the Archeologist's attributes:

Background:
 You were a Field Worker, a level 4 male gnomish Archeologist.
 You were neutral, nominally on a mission for Camaxtli
 who was opposed by Quetzalcoatl (lawful) and Huhetotl (chaotic).
 You were right-handed.
 You were in the Gnomish Mines, on level 4.
 You entered the dungeon 2597 turns ago.
 It was nighttime.
 You had 102 experience points, 58 more were needed to attain level 5.

Basics:
 You had 0 out of 31 hit points.
 You had all 20 energy points (spell power).
 Your armor class was 8.
 Your wallet contained 349 zorkmids.
 Autopickup was off.

Final Characteristics:
 Your strength was 16 (limit:18/50).
 Your dexterity was 8 (limit:18).
 Your constitution was 10 (limit:18).
 Your intelligence was 15 (peak:18, limit:19).
 Your wisdom was 14 (limit:18).
 Your charisma was 9 (limit:18).

Final Status:
 You were satiated.
 You were unencumbered.
 You were wielding a pick-axe.
 You had basic skill with pick-axe.

Final Attributes:
 You were piously aligned.
 You had automatic searching.
 You had infravision.
 You had slower digestion.
 You were lucky.
 You are dead.

Miscellaneous:
 You encountered 1 bones level.
 Total elapsed playing time was 17 minutes.

Major events:
 Turn
    1: BeardyHaddock the neutral male gnomish Archeologist entered the dungeon
  985: attained the rank of Field Worker (level 3)
 2401: entered the Gnomish Mines
 2597: killed by a master mind flayer

You didn't know any spells.

Skills:
 Fighting Skills
   bare handed combat [Unskilled]
   two weapon combat  [Unskilled]
   riding             [Unskilled]
 Weapon Skills
   dagger             [Unskilled]
   knife              [Unskilled]
   pick-axe           [Basic]
   short sword        [Unskilled]
   saber              [Unskilled]
   club               [Unskilled]
   quarterstaff       [Unskilled]
   sling              [Unskilled]
   dart               [Unskilled]
   boomerang          [Unskilled]
   whip               [Basic]
   unicorn horn       [Unskilled]
 Spellcasting Skills
   attack spells      [Unskilled]
   healing spells     [Unskilled]
   divination spells  [Unskilled]
   matter spells      [Unskilled]

Voluntary challenges:
 Character rerolling was not enabled.
 You were an atheist.
 You never genocided any monsters.
 You never polymorphed an object.
 You never changed form.
 You used no wishes.
Achievements:
 You entered a shop.
 You attained the rank of Field Worker.
 You entered the Gnomish Mines.

 The Dungeons of Doom: levels 1 to 4
    Level 1:
       A fountain, a sink.
    Level 2:
       A general store, an altar to Camaxtli, a fountain.
    Level 3:
       Some fountains.
       Stairs down to The Gnomish Mines.
    Level 4:
       Final resting place for
          31245981910-Rog-Orc-Fem-Cha, killed by a little dog, while frozen by a floating eye's gaze.
 The Gnomish Mines:
    Level 4: <- You were here.
       Final resting place for
          you, killed by a master mind flayer.


Vanquished creatures:
  a fog cloud
  2 rothes
  2 iguanas
  3 coyotes
  a gas spore
  3 hobbits
  a manes
  2 giant rats
  2 garter snakes
  a gnome zombie
  3 geckos
  7 jackals
  a fox
  2 kobolds
  3 goblins
  3 sewer rats
  6 grid bugs
  4 lichens
  3 kobold zombies
  5 newts
55 creatures vanquished.

No species were genocided or became extinct.

Game over:
                       ----------
                      /          \
                     /    REST    \
                    /      IN      \
                   /     PEACE      \
                  /                  \
                  |  BeardyHaddock   |
                  |      349 Au      |
                  |   killed by a    |
                  |   master mind    |
                  |      flayer      |
                  |                  |
                  |       2026       |
                 *|     *  *  *      | *
        _________)/\\_//(\/(/\)/\//\/|_)_______

Goodbye BeardyHaddock the Archeologist...

You died in The Gnomish Mines on dungeon level 4 with 873 points,
and 349 pieces of gold, after 2597 moves.
You were level 4 with a maximum of 31 hit points when you died.

